 Dungeon Crawl Stone Soup version 0.31.0-9-g3a7656b989 (webtiles) character file.

Game seed: 6523267706202323011

28 qw the Shooter (level 2, -5/14 HPs)
             Began as a Spriggan Hunter on Feb 2, 2024.
             Slain by a gnoll
             ... wielding a +0 halberd
              (7 damage)
             ... on level 2 of the Dungeon.
             The game lasted 00:00:04 (938 turns).

qw the Shooter (Spriggan Hunter)                     Turns: 938, Time: 00:00:04

Health: -5/14      AC:  2    Str:  7    XL:     2   Next: 96%
Magic:  3/3        EV: 19    Int: 10    God:
Gold:   2          SH:  0    Dex: 18    Spells: 1/1 levels left

rFire   . . .        a - +0 shortbow
rCold   . . .        (shield currently unavailable)
rNeg    . . .        c - +0 robe
rPois   .            (helmet restricted)
rElec   .            (no cloak)
rCorr   +            (gloves unavailable)
SInv    +            (boots unavailable)
Will    .....        (no amulet)
Stlth   ++           g - ring of resist corrosion
HPRegen 0.22/turn    (no ring)
MPRegen 0.08/turn

%: no passive effects
@: very quick
A: very small, no large weapons, unfitting armour, see invisible, speed 3
a: no special abilities


You were on level 2 of the Dungeon.
You visited 1 branch of the dungeon, and saw 2 of its levels.

You collected 60 gold pieces.
You spent 58 gold pieces at shops.


Innate Abilities, Weirdness & Mutations

You are very small and have problems with some larger weapons.
You are too small for most types of armour.
You have supernaturally acute eyesight. (SInv)
You cover ground extremely quickly. (Speed+++)


   Skills:
 - Level 1.5 Fighting
 + Level 4.4 Ranged Weapons
 - Level 4.0 Dodging
 - Level 1.5 Stealth


You had one spell level left.
You didn't know any spells.
Your spell library was empty.

Inventory:

Hand Weapons
 a - a +0 shortbow (weapon)
Armour
 c - a +0 robe (worn)
Jewellery
 g - a ring of resist corrosion (left hand)
Scrolls
 d - a scroll of fear {unknown}
 f - a scroll of poison {unknown}
 h - a scroll of identify
Potions
 b - a potion of heal wounds {unknown}
 e - a potion of curing

Dungeon Overview and Level Annotations

Branches:
Dungeon (2/15)

Altars:

Shops:
D:2 *


Message History

You kill the ball python!
Found a stone staircase leading up.
Enter note:
Enter note:
Found 4 stones.
A quokka comes into view.
You shoot an arrow. The arrow hits the quokka.
The quokka is severely wounded.
You hear a shout! x3
A gnoll comes into view. It is wielding a +0 club.
You shoot an arrow. The arrow hits the gnoll.
The gnoll is moderately wounded.
The gnoll hits you with a +0 club.
A gnoll comes into view. It is wielding a +0 halberd.
The gnoll hits you with a +0 club.
You shoot an arrow.
The arrow hits the gnoll but does no damage.
The gnoll is moderately wounded.
The gnoll misses you.
The gnoll hits you from afar with a +0 halberd.
A gnoll comes into view. It is wielding a +0 spear.
Enter note:
Enter note:
Enter note: You shoot an arrow.
The arrow barely misses the gnoll.
The gnoll closely misses you. The gnoll misses you.
You shoot an arrow.
The arrow hits the gnoll but does no damage.
The gnoll is moderately wounded.
The gnoll closely misses you.
A hobgoblin comes into view.
The gnoll misses you.
You shoot an arrow. The hobgoblin shouts!
The arrow hits the gnoll but does no damage.
The gnoll is moderately wounded.
The gnoll misses you.
The gnoll hits you from afar with a +0 halberd!
Ouch! That really hurt!
You die...

. g. ... .... ####.....
#. #.gg...# #. #######@#
#< #.......# #.
#.#....## .#########.
+.....# ........#.
#.....# #......#.
#######.########........
#......(##............#.
#.####..##.######.....##
##.#..#..#..##.##......#


You could see 2 gnolls and a hobgoblin.

Vanquished Creatures
  A dart slug (D:1)
  6 ball pythons
  5 endoplasms
  A giant cockroach (D:1)
  2 goblins
  A hobgoblin (D:2)
  A jackal (D:1)
  2 kobolds
  A bat (D:1)
  A frilled lizard (D:1)
  3 rats (D:1)
24 creatures vanquished.

Notes
Turn   | Place    | Note
-------+----------+-------------------------------------------
     0 | D:1      | qw the Spriggan Hunter began the quest for the Orb.
     0 | D:1      | Reached XP level 1. HP: 10/10 MP: 2/2
     0 | D:1      | 0 ||| qw: Version: 0.3-a-155-g5e7d8dd
     0 | D:1      | 0 ||| qw: Game counter: 1788
     0 | D:1      | 0 ||| qw: Melee chars always use a shield: true
     0 | D:1      | 0 ||| qw: God list: Okawaru
     0 | D:1      | 0 ||| qw: Allow faded altars: false
     0 | D:1      | 0 ||| qw: Do Orc after clearing Dungeon:15 true
     0 | D:1      | 0 ||| qw: Do second Lair branch before Depths: true
     0 | D:1      | 0 ||| qw: Lair rune preference: random
     0 | D:1      | 0 ||| qw: Goals: Normal
     0 | D:1      | 0 ||| PLANNING D:1-11
    48 | D:1      | Reached skill level 3 in Dodging
   176 | D:1      | Reached XP level 2. HP: 14/14 MP: 3/3
   717 | D:1      | 717 ||| DROPPING +6 ring of intelligence.
   718 | D:1      | 718 ||| UPGRADING to ring of resist corrosion.
   719 | D:1      | 719 ||| READING scroll labelled PYIG HYLOWN.
   719 | D:1      | 719 ||| IDENTIFYING brown potion
   720 | D:1      | 720 ||| DROPPING scroll of butterflies.
   827 | D:2      | Found Ifiupt's Assorted Antiques.
   839 | D:2      | 839 ||| BUYING scroll labelled DEERPH PUTHUMN (29 gold).
   839 | D:2      | Bought a scroll labelled DEERPH PUTHUMN for 29 gold pieces
   839 | D:2      | 839 ||| BUYING scroll labelled ONINAKL KIAF (29 gold).
   839 | D:2      | Bought a scroll labelled ONINAKL KIAF for 29 gold pieces
   839 | D:2      | 839 ||| SHOPLISTING scroll labelled XELOIR YHEXA (29 gold,
                  | have 2).
   935 | D:2      | HP: 1/14 [gnoll/+0 halberd (6)]
   938 | D:2      | Slain by a gnoll

Levels and vault maps discovered:
D:1:      elethiomel_arrival_infinity_welcomes_careful_drivers,
          layout_loops_ring, serial_glass, glass_columns_b, glass_columns_b,
          minmay_bisected
D:2:      layout_basic, serial_shops, shop

Skill      XL: |  1  2 |
---------------+-------+-----
Dodging        | 3 4 |  4.0
Fighting       | |  1.5
Ranged Weapons | |  4.4
Stealth        | |  1.5

Action                     || total
---------------------------++-------
   Fire: Shortbow          ||    70
    Use: Scroll            ||     1
 Armour: Robe              ||     7
  Dodge: Dodged            ||    23

Table legend:
 A = Non-vault XP
 B = Vault XP
 C = Vault XP percentage of total XP
 D = Non-vault monster count
 E = Vault monster count
 F = Vault count percentage of total count
                 A         B        C        D         E       F
            +---------+---------+-------+---------+---------+-------
      Total |      37 |       3 |   7.5 |      22 |       2 |   8.3
            +---------+---------+-------+---------+---------+-------
        D:1 |      26 |       3 |  10.3 |      16 |       2 |  11.1
        D:2 |      11 |       0 |   0.0 |       6 |       0 |   0.0
            +---------+---------+-------+---------+---------+-------
